 Dungeon Crawl Stone Soup version 0.30.0-10-gfe55d96785 (webtiles) character file.

Game seed: 17296097114364303857

240 destino the Stinger (level 5, 0/57 HPs)
             Began as a Draconian Venom Mage on May 15, 2023.
             Killed from afar by a white imp (4 damage)
             ... with a puff of frost
             ... on level 3 of the Dungeon.
             The game lasted 00:09:48 (3633 turns).

destino the Stinger (Draconian Venom Mage)          Turns: 3633, Time: 00:09:49

Health: 0/57       AC: 22    Str: 10    XL:     5   Next: 80%
Magic:  3/8        EV:  2    Int: 18    God:
Gold:   143        SH:  0    Dex: 11    Spells: 2/8 levels left

rFire   . . .        d - +0 dagger
rCold   . . .        (no shield)
rNeg    . . .        (body armour unavailable)
rPois   +            (helmet currently unavailable)
rElec   .            (cloak currently unavailable)
rCorr   .            (gloves currently unavailable)
SInv    .            j - melded +0 pair of boots
Will    .....        (no amulet)
Stlth   ++           (no ring)
HPRegen 0.29/turn    (no ring)
MPRegen 0.11/turn

%: no passive effects
@: tree-form
A: stationary, stasis, torment immunity, boosted hp, AC +5, unfitting armour,
(cold-blooded)
a: no special abilities


You were on level 3 of the Dungeon.
You were a tree.
You visited 1 branch of the dungeon, and saw 4 of its levels.

You collected 143 gold pieces.

Inventory:

Hand Weapons
 b - a +0 long sword
 d - a +0 dagger (weapon)
Missiles
 k - 10 boomerangs
 l - 3 poisoned darts
Armour
 j - a +0 pair of boots (melded)
Scrolls
 c - 2 scrolls of teleportation
 e - a scroll of vulnerability {unknown}
 g - a scroll of magic mapping {unknown}
 i - a scroll of identify
 m - a scroll of fog {unknown}
 o - a scroll of amnesia {unknown}
Potions
 a - a potion of magic
 f - 4 potions of curing
 n - a potion of mutation


   Skills:
 - Level 2.0 Dodging
 - Level 2.0 Stealth
 - Level 2.0 Spellcasting
 * Level 1.3 Conjurations
 - Level 3.0 Transmutations
 * Level 2.8 Air Magic
 * Level 4.4 Poison Magic


You had 2 spell levels left.
You knew the following spells:

 Your Spells              Type           Power      Damage    Failure   Level
a - Sting                 Tmut/Pois      60%        1d6       4%          1
b - Poisonous Vapours     Pois/Air       28%        N/A       6%          2
c - Mephitic Cloud        Conj/Pois/Air  12%        N/A       17%         3

Your spell library contained the following spells:

 Spells                   Type           Power      Damage    Failure   Level
 Magic Dart               Conj           24%        1d4       11%         1
 Call Imp                 Summ           2%         N/A       26%         2
 Olgreb's Toxic Radiance  Pois           17%        N/A       28%         4


Dungeon Overview and Level Annotations

Branches:
Dungeon (4/15)
 Temple: D:4-7

Altars:
Fedhas


Innate Abilities, Weirdness & Mutations

You are a tree.
Your roots penetrate the ground, keeping you stationary.
You cannot be teleported.
You are immune to unholy pain and torment.
Your maximum health is greatly increased.
Your equipment is partially melded.
((Your plain brown scales are hard. (AC +5)))
You cannot fit into any form of body armour.
((You are cold-blooded and may be slowed by cold attacks.))


Message History

You climb upwards.
There is a stone staircase leading down, spattered with blood here.
You hit the white imp but do no damage.
The white imp hits you but does no damage.
You closely miss the white imp.
You tail-slap the white imp, but do no damage.
The white imp hits you. The white imp freezes you.
You feel yourself slow down.
You hit the white imp but do no damage.
Your tail-slap misses the white imp.
The white imp hits you. The white imp freezes you.
You feel as though you will be slow longer.
The white imp gestures at you. The puff of frost hits you.
You are too injured to fight recklessly!
You are too injured to fight recklessly!
You closely miss the white imp. The white imp gestures at you.
The puff of frost hits you!
* * * LOW HITPOINT WARNING * * *
Sorry, you're not good enough to have a special ability.
You feel better. The white imp misses you. The white imp hits you.
* * * LOW HITPOINT WARNING * * *
The white imp freezes you.
* * * LOW HITPOINT WARNING * * *
Really quaff the potion of lignification?
You turn into a tree.
Your +0 pair of boots melds into your body.
Your roots penetrate the ground.
You feel yourself speed up. The white imp hits you.
* * * LOW HITPOINT WARNING * * *
The white imp freezes you.
* * * LOW HITPOINT WARNING * * *
You barely miss the white imp. The white imp gestures at you.
The puff of frost hits you.
* * * LOW HITPOINT WARNING * * *
You hit the white imp but do no damage. The white imp gestures at you.
The puff of frost hits you.
You die...

~♣~~...# #.###..............
♣~~♣~..# #.# #..<..##...###.
~~♣~..♣# #.# #.#'#.##.#.###.
♣.~♣.P###### #.# #.#.#.##.#.....
.....###...# #.# #.#...##.......
.P....##...# #.# #.##........#.#
.......)...# #.###.##.######.#.#
.#######...####..[..##.######.#.#
...........'...5♣#####........#.#
...#####...#####.......########.#
...# #...# #.#####.##.......#
...# #...# #.# #.##.####### ...#
#...# #.#####.##.# ...# #...#
#..........# ...#
#########.#####.#### ...# #.....#
#.# ...#
######.###.#####.##########


You could see a white imp.

Vanquished Creatures
  A sky beast (D:3)
  An orc priest (D:3)
  Robin (D:2)
  3 adders
  A worm (D:2)
  3 dart slugs
  13 orcs (D:3)
  3 bats
  An endoplasm (D:1)
  2 giant cockroaches
  12 goblins
  5 hobgoblins
  3 kobolds
  3 quokkas
  6 ball pythons
  A frilled lizard (D:1)
  2 rats
61 creatures vanquished.

Notes
Turn   | Place    | Note
-------+----------+-------------------------------------------
     0 | D:1      | destino the Draconian Venom Mage began the quest for the
                  | Orb.
     0 | D:1      | Reached XP level 1. HP: 14/14 MP: 3/3
   168 | D:1      | Reached XP level 2. HP: 20/20 MP: 3/5
   171 | D:1      | Learned a level 2 spell: Poisonous Vapours
   754 | D:2      | Noticed Robin
   830 | D:2      | Reached XP level 3. HP: 23/26 MP: 1/6
   945 | D:2      | Killed Robin
   946 | D:2      | Reached skill level 1 in Air Magic
  1129 | D:2      | Found a faded altar of an unknown god.
  1880 | D:3      | Reached XP level 4. HP: 32/33 MP: 4/7
  2056 | D:3      | Reached skill level 4 in Poison Magic
  2431 | D:3      | Learned a level 3 spell: Mephitic Cloud
  2557 | D:3      | Found a blossoming altar of Fedhas.
  2982 | D:3      | Noticed a sky beast
  3010 | D:3      | Killed a sky beast
  3011 | D:3      | Reached skill level 1 in Conjurations
  3011 | D:3      | Reached XP level 5. HP: 32/38 MP: 0/8
  3633 | D:3      | Killed from afar by a white imp

Illustrated notes

Levels and vault maps discovered:
D:1:      sevenhm_arrival_forest_fort_small_6, layout_basic
D:2:      layout_loops_ring, shapermc_ecumenical_altar_gd, serial_bayou_ford_a,
          uniq_robin
D:3:      layout_basic, fedhas_altar_2, serial_bayou, serial_bayou_crossing,
          serial_bayou_pond_e, serial_bayou_pond_e, serial_bayou_pond_a
D:4:      layout_cave_pools, serial_shops, shop, uniq_sigmund, uniq_grinder,
          uniq_natasha

Skill      XL: |  1  2  3  4 |
---------------+-------------+-----
Stealth        | 2 |  2.0
Dodging        | 2 |  2.0
Transmutations | 2 3 |  3.0
Air Magic      | 1 2 |  2.8
Poison Magic   | 4 |  4.4
Conjurations   | 1 |  1.3
Spellcasting   | |  2.0

Action                     |  1- 3 |  4- 6 || total
---------------------------+-------+-------++-------
  Melee: Long sword        |    20 |       ||    20
         Unarmed           |     7 |       ||     7
         Dagger            |    61 |    67 ||   128
         Tailslap          |     6 |    10 ||    16
         Punch             |     1 |     1 ||     2
   Cast: Sting             |    26 |    30 ||    56
         Poisonous Vapours |     8 |    15 ||    23
    Use: Scroll            |     2 |     2 ||     4
         Potion            |       |     2 ||     2
   Stab: Sleeping          |     7 |     2 ||     9
 Armour: Skin              |    40 |    16 ||    56
  Dodge: Dodged            |    66 |    50 ||   116
